 Dungeon Crawl Stone Soup version 0.32-a0-913-g739538afd8 (webtiles) character file.

Game seed: 2849388460485199307

15180 GreenGuy14 the Blocker (level 11, -6/97 HPs)
             Began as a Minotaur Fighter on Apr 8, 2024.
             Was a Believer of Beogh.
             Killed from afar by a deep elf knight (18 damage)
             ... with a lance of force
             ... on level 1 of the Elven Halls.
             The game lasted 00:21:54 (8160 turns).

GreenGuy14 the Blocker (Minotaur Fighter)           Turns: 8160, Time: 00:21:54

Health: -6/97      AC: 14    Str: 24    XL:     11   Next: 98%
Magic:  19/19      EV: 16    Int:  2    God:    Beogh [**....]
Gold:   484        SH: 12    Dex: 18    Spells: 10/10 levels left

rFire   . . .        o - +1 spear (distort)
rCold   . . .        c - +0 buckler
rNeg    . . .        A - +0 chain mail
rPois   .            (helmet restricted)
rElec   .            f - +0 cloak
rCorr   .            (no gloves)
SInv    .            m - +0 pair of boots of the Two of Swords {MP+9 Int-3 Dex+7}
Will    +....        p - amulet of reflection
Stlth   +            j - ring of willpower
HPRegen 0.36/turn    n - +5 ring of evasion
MPRegen 0.16/turn

%: reflection
@: no status effects
A: horns 2, retaliatory headbutt
a: Renounce Religion, Smiting


You were on level 1 of the Elven Halls.
You worshipped Beogh.
Beogh was pleased with you.
You visited 3 branches of the dungeon, and saw 11 of its levels.

You collected 890 gold pieces.
You spent 406 gold pieces at shops.

Inventory:

Hand Weapons
 a - a +1 war axe of flaming
 o - a +1 spear of distortion (weapon)
 B - the +5 hand axe "Zeeroeqo" {freeze, Str+6 Int-5 Dex+2}
   (You bought it in a shop on level 2 of the Orcish Mines)

   Str+6:     It affects your strength (+6).
   Int-5:     It affects your intelligence (-5).
   Dex+2:     It affects your dexterity (+2).
Armour
 b - a +1 scale mail
 c - a +0 buckler (worn)
 f - a +0 cloak (worn)
 m - the +0 pair of boots of the Two of Swords (worn) {MP+9 Int-3 Dex+7}
   (You found it on level 3 of the Dungeon)

   Int-3:     It affects your intelligence (-3).
   Dex+7:     It affects your dexterity (+7).
   MP+9:      It affects your magic capacity (+9).
 A - a +0 chain mail (worn)
Jewellery
 e - a ring of fire
 g - an amulet of magic regeneration
 h - a ring of fire
 i - an amulet of the acrobat
 j - a ring of willpower (left hand)
 l - a ring of protection from cold
 n - a +5 ring of evasion (right hand)
 p - an amulet of reflection (around neck)
 u - a +6 ring of dexterity
Wands
 q - a wand of flame (45)
 C - a wand of iceblast (3)
Scrolls
 y - a scroll of immolation {unknown}
Potions
 d - 2 potions of might
 k - 4 potions of brilliance
 r - a potion of mutation {unknown}
 s - a potion of enlightenment {unknown}
 t - a potion of heal wounds {unknown}
 v - a potion of ambrosia {unknown}
 x - a potion of invisibility
 z - 4 potions of curing
Miscellaneous
 w - a sack of spiders


   Skills:
 + Level 9.5 Fighting
 + Level 6.8(9.6) Axes
 + Level 10.6(11.4) Polearms
 + Level 9.8 Armour
 + Level 6.7 Dodging
 + Level 5.3 Stealth
 + Level 12.0 Shields


You had 10 spell levels left.
You didn't know any spells.
Your spell library contained the following spells:

 Spells                   Type           Power      Damage    Failure   Level
 Apportation              Tloc           0%         N/A       97%         1
 Jinxbite                 Hex            0%         N/A       99%         2
 Alistair's Intoxication  Alch           0%         N/A       100%        5


Dungeon Overview and Level Annotations

Branches:
Dungeon (10/15)              Lair (0/5) D:10            Orc (2/2) D:10
    Elf (1/3) Orc:2
 Temple: D:4-7

Altars:
Dithmenos
Kikubaaqudgha
Vehumet
Zin
The Shining One

Shops:
D:1 (   Orc:2 (:!(

Annotations:
Abyss:1 Fannar


Innate Abilities, Weirdness & Mutations

Your facial features look somewhat orcish.
You have a pair of horns on your head.
You reflexively headbutt those who attack you in melee.


Message History

The bolt of lightning misses you.
You hit the deep elf knight but do no damage.
Your headbutt misses the deep elf knight.
The deep elf knight is moderately wounded.
The deep elf knight blinks!
The deep elf zephyrmancer casts a spell.
The deep elf zephyrmancer blinks!
The deep elf zephyrmancer points at you and mumbles some strange words.
The bolt of lightning misses you.
The deep elf knight points at you and mumbles some strange words.
The shard of ice hits you!
* * * LOW HITPOINT WARNING * * *
You block the deep elf zephyrmancer's attack.
You closely miss the deep elf zephyrmancer.
You headbutt the deep elf zephyrmancer!
The deep elf zephyrmancer is severely wounded.
The deep elf zephyrmancer hits you but does no damage.
You hit the deep elf zephyrmancer.
Space warps horribly around the deep elf zephyrmancer!!
You kill the deep elf zephyrmancer!
Beogh accepts your kill.
The deep elf knight points at you and mumbles some strange words.
You block the shard of ice... and reflect it back!
The shard of ice hits the deep elf knight!!
You block the deep elf knight's attack.
Things that are here:
a +0 dagger; a +0 ring mail You puncture the deep elf zephyrmancer!
Space warps horribly around the deep elf zephyrmancer!
The deep elf zephyrmancer is heavily wounded.
The deep elf zephyrmancer barely misses you.
The deep elf knight closely misses you.
You hit the deep elf zephyrmancer.
The deep elf zephyrmancer is heavily wounded.
The deep elf zephyrmancer blinks!
The deep elf knight hits you with a +0 scimitar!
* * * LOW HITPOINT WARNING * * *
The deep elf knight points at you and mumbles some strange words.
The lance of force hits you!!
You die...

### #. ..### #. #...
#. #.. ######## ##
#.###......# #
#.##.###..# # .
#.....#...## ##### #
.#
##.##...e...##......
## #.#
##.###...@)...).# #.
#.[# ##..#
#.###..##### #.
#...###...# #.# #..#
#. #...#### #.# #..#
#. ##.## #.. ...# #.
#.### ####..e# ####
#. #...# .....
###..###. #######.##
...... ###....#.'.
.........####
#......###.


You could see a deep elf knight (fast) and a deep elf zephyrmancer.

Vanquished Creatures
  A centaur warrior (Orc:2)
  2 deep elf pyromancers (Elf:1)
  3 deep elf zephyrmancers (Elf:1)
  Maurice (D:8)
  2 kobold blastminers (Orc:2)
  Maggie (D:10)
  Jeremiah (D:9)
  3 trolls
  A polar bear (D:8)
  Prince Ribbit (D:9)
  Sigmund (D:2)
  A water elemental (Elf:1)
  5 wyverns
  2 wraiths
  A shadow (D:10)
  13 yaks
  A basilisk (D:10)
  A steam dragon (D:9)
  2 water moccasins (D:10)
  An ice beast (D:8)
  A black bear (D:10)
  16 orc warriors (Orc:2)
  6 centaurs
  3 ogres
  4 wolves
  A scorpion (D:10)
  A gnoll sergeant (D:8)
  2 bullfrogs
  7 wights (D:7)
  5 killer bees
  5 howler monkeys (D:10)
  A gnoll bouda (D:7)
  Crazy Yiuf (D:3)
  An orc priest (D:10)
  2 iguanas
  2 orc wizards (Orc:2)
  A sleepcap (D:7)
  A killer bee simulacrum (D:8)
  16 gnolls
  2 adders (D:2)
  3 white imps (D:8)
  A dart slug (D:3)
  14 orcs
  3 endoplasms
  5 giant cockroaches
  4 goblins
  4 hobgoblins
  2 jackals (D:2)
  5 quokkas
  10 ball pythons
  12 bats
  4 frilled lizards
  6 kobolds
  9 rats
204 creatures vanquished.

Vanquished Creatures (others)
  An orc knight (Orc:2)
  5 orc warriors (Orc:2)
  A centaur (Orc:2)
  3 orcs (Orc:2)
10 creatures vanquished.

Grand Total: 214 creatures vanquished

Notes
Turn   | Place    | Note
-------+----------+-------------------------------------------
     0 | D:1      | GreenGuy14 the Minotaur Fighter began the quest for the
                  | Orb.
     0 | D:1      | Reached XP level 1. HP: 19/19 MP: 0/0
   108 | D:1      | Reached XP level 2. HP: 27/27 MP: 1/1
   238 | D:1      | Reached skill level 4 in Shields
   525 | D:1      | Found Bompaxim's Weapon Shop.
   631 | D:2      | Reached XP level 3. HP: 33/33 MP: 2/2
   671 | D:2      | Noticed Sigmund
   676 | D:2      | Killed Sigmund
   677 | D:2      | Reached skill level 5 in Axes
   677 | D:2      | Reached XP level 4. HP: 26/41 MP: 3/3
   677 | D:2      | Reached XP level 5. HP: 30/47 MP: 4/4
   828 | D:2      | Reached skill level 1 in Dodging
  1691 | D:3      | Identified the +0 pair of boots of the Two of Swords {MP+9
                  | Int-3 Dex+7}
  1995 | D:3      | Found a glowing golden altar of the Shining One.
  2081 | D:3      | Found a runed translucent door.
  2082 | D:3      | Noticed Crazy Yiuf
  2179 | D:3      | Found a shadowy altar of Dithmenos.
  2184 | D:3      | Found a glowing silver altar of Zin.
  2187 | D:3      | Found an ancient bone altar of Kikubaaqudgha.
  2504 | D:3      | Killed Crazy Yiuf
  2505 | D:3      | Reached XP level 6. HP: 55/55 MP: 5/5
  2669 | D:4      | You fall into a shaft and drop 3 floors!
  2706 | D:7      | Reached skill level 1 in Polearms
  2712 | D:7      | Reached skill level 5 in Fighting
  2712 | D:7      | Reached skill level 5 in Armour
  2730 | D:7      | Reached XP level 7. HP: 49/61 MP: 6/6
  2749 | D:7      | Reached skill level 1 in Stealth
  3132 | D:7      | Reached XP level 8. HP: 57/69 MP: 7/7
  3791 | D:8      | Reached skill level 5 in Polearms
  3791 | D:8      | Reached skill level 5 in Shields
  3830 | D:8      | Noticed a polar bear
  3841 | D:8      | Killed a polar bear
  4037 | D:8      | Reached skill level 6 in Shields
  4047 | D:8      | Reached XP level 9. HP: 34/75 MP: 8/8
  4215 | D:8      | Noticed Maurice
  4229 | D:8      | Killed Maurice
  4230 | D:8      | Reached skill level 7 in Shields
  4938 | D:9      | Reached skill level 5 in Dodging
  4948 | D:9      | Reached skill level 8 in Shields
  5031 | D:9      | Noticed Prince Ribbit
  5043 | D:9      | Killed Prince Ribbit
  5044 | D:9      | Reached XP level 10. HP: 84/84 MP: 9/9
  5204 | D:9      | Noticed Jeremiah
  5236 | D:9      | Killed Jeremiah
  5428 | D:9      | Reached skill level 9 in Shields
  5668 | D:10     | Entered Level 10 of the Dungeon
  5688 | D:10     | HP: 2/86 [yak (10)]
  5705 | D:10     | Noticed Fannar
  5988 | D:10     | Became a worshipper of Beogh the Shepherd
  6004 | D:10     | Reached skill level 10 in Shields
  6215 | D:10     | Found a staircase to the Lair.
  6377 | D:10     | Reached XP level 11. HP: 95/95 MP: 10/10
  6436 | D:10     | Banished Fannar
  6706 | D:10     | Found a staircase to the Orcish Mines.
  6717 | D:10     | Noticed Maggie
  6728 | D:10     | Killed Maggie
  6971 | Orc:1    | Entered Level 1 of the Orcish Mines
  6971 | Orc:1    | Found a radiant altar of Vehumet.
  7106 | Orc:2    | Entered Level 2 of the Orcish Mines
  7174 | Orc:2    | Reached * piety under Beogh
  7247 | Orc:2    | Noticed a centaur warrior
  7253 | Orc:2    | Noticed an orc knight
  7253 | Orc:2    | Noticed an orc knight
  7272 | Orc:2    | Reached skill level 11 in Shields
  7274 | Orc:2    | Banished an orc knight
  7289 | Orc:2    | Killed an orc knight
  7308 | Orc:2    | Reached skill level 10 in Polearms
  7309 | Orc:2    | Killed a centaur warrior
  7553 | Orc:2    | Reached ** piety under Beogh
  7682 | Orc:2    | Found a staircase to the Elven Halls.
  7720 | Orc:2    | Found Icafozofi's Book Shoppe.
  7720 | Orc:2    | Found Otavyahy's Distillery.
  7722 | Orc:2    | Found Riedef's Antique Weapon Shop.
  7724 | Orc:2    | Found Xeugemuc's Weapon Emporium.
  7729 | Orc:2    | Bought a potion of curing for 42 gold pieces
  7729 | Orc:2    | Bought a potion of curing for 42 gold pieces
  7729 | Orc:2    | Bought a potion of curing for 42 gold pieces
  7731 | Orc:2    | Bought an ivory hand axe for 280 gold pieces
  7731 | Orc:2    | Identified the +5 hand axe "Zeeroeqo" {freeze, Str+6 Int-5
                  | Dex+2} (You bought it in a shop on level 2 of the Orcish
                  | Mines)
  7731 | Orc:2    | Lost intelligence.
  8003 | Elf:1    | Entered Level 1 of the Elven Halls
  8005 | Elf:1    | Noticed a deep elf zephyrmancer
  8005 | Elf:1    | Noticed a deep elf pyromancer
  8009 | Elf:1    | Killed a deep elf pyromancer
  8013 | Elf:1    | Killed a deep elf zephyrmancer
  8015 | Elf:1    | Noticed a deep elf pyromancer
  8031 | Elf:1    | Killed a deep elf pyromancer
  8032 | Elf:1    | Reached skill level 5 in Stealth
  8132 | Elf:1    | Noticed a deep elf zephyrmancer
  8132 | Elf:1    | Noticed a deep elf zephyrmancer
  8132 | Elf:1    | Noticed a deep elf zephyrmancer
  8137 | Elf:1    | Noticed a deep elf knight
  8139 | Elf:1    | Killed a deep elf zephyrmancer
  8140 | Elf:1    | Reached skill level 12 in Shields
  8156 | Elf:1    | Killed a deep elf zephyrmancer
  8160 | Elf:1    | Killed from afar by a deep elf knight

Illustrated notes

Levels and vault maps discovered:
D:1:      minmay_arrival_four_houses, layout_loops_ring, serial_shops,
          nicolae_shop_tiny_statue_garden, nrook_campfire
D:2:      layout_loops_ring, st_stairs_1, uniq_sigmund
D:3:      layout_loops_corners, grunt_temple_overflow_diamond, tso_metal_star,
          amcnicky_mini_pool_small, minmay_puff, uniq_crazy_yiuf_cottage
D:4:      layout_basic, portal_sewer_entry_e
D:7:      layout_basic
D:8:      layout_basic, serial_ice, serial_ice_o, serial_ice_h, serial_ice_n,
          serial_ice_m, uniq_maurice
D:9:      layout_roguey, uniq_jeremiah, uniq_prince_ribbit1
D:10:     layout_cave_pools, minmay_lair_entry_grove, orc_0_dummy,
          minmay_door_square, uniq_maggie, uniq_fannar
Orc:1:    layout_caves, basic_altar
Orc:2:    st_orc_rangers, layout_caves
Elf:1:    elf_arrival_001, layout_loops_corners, nicolae_elf_shapeshifter_party

Skill      XL: |  1  2  3  4  5  6  7  8  9 10 11 |
---------------+----------------------------------+-----
Fighting       | 4 5 6 8 9 |  9.5
Shields        | 4 6 8 10 12 | 12.0
Axes           | 3 5 6 |  6.8
Armour         | 4 5 6 7 8 9 |  9.8
Dodging        | 1 3 5 6 |  6.7
Polearms       | 2 4 6 7 9 10 | 10.6
Stealth        | 1 2 5 |  5.3

Action                     |  1- 3 |  4- 6 |  7- 9 | 10-12 || total
---------------------------+-------+-------+-------+-------++-------
  Melee: War axe           |    49 |    40 |       |       ||    89
         Headbutt          |     3 |    12 |    29 |   101 ||   145
         Spear             |       |    58 |   179 |   416 ||   653
 Invoke: Convert to Beogh  |       |       |       |     1 ||     1
  Evoke: Sack of spiders   |       |       |       |     1 ||     1
    Use: Scroll            |     3 |     4 |     7 |     4 ||    18
         Potion            |       |       |     1 |     2 ||     3
   Stab: Held in net/web   |       |       |       |     1 ||     1
         Invisible         |       |       |       |    13 ||    13
 Armour: Scale mail        |    40 |    37 |    89 |    58 ||   224
         Chain mail        |       |       |       |    38 ||    38
  Dodge: Dodged            |    20 |    34 |   101 |   132 ||   287
  Block: Buckler           |    10 |    22 |   108 |   175 ||   315
         Reflection        |       |       |       |    54 ||    54

Table legend: (Time is in decaauts)
 A = Elapsed time spent in this place.
 B = Non-inter-level travel time spent in this place.
 C = Inter-level travel time spent in this place.
 D = Time resting spent in this place.
 E = Time spent auto-exploring this place.
 F = Levels seen in this place.
 G = Mean time per level.
                   A        B        C        D        E       F      G
               +--------+--------+--------+--------+--------+-----+--------+
         Total |   7993 |   7771 |    222 |      0 |   5798 |  11 |  726.6 |
       Dungeon |   6857 |   6688 |    169 |      0 |   4970 |   8 |  857.1 |
  Orcish Mines |    994 |    941 |     53 |      0 |    744 |   2 |  497.0 |
   Elven Halls |    140 |    140 |      0 |      0 |     84 |   1 |  140.0 |
               +--------+--------+--------+--------+--------+-----+--------+

Top non-repeatable levels by time:
     D:3: 1201 daAuts
     D:8: 1107 daAuts
     D:7: 1102 daAuts
     D:9: 1078 daAuts
    D:10: 874 daAuts
   Orc:2: 861 daAuts
     D:2: 768 daAuts
     D:1: 603 daAuts
   Elf:1: 140 daAuts
   Orc:1: 133 daAuts
     D:4: 122 daAuts
